 Dungeon Crawl Stone Soup version 0.22-a0-21-g9421e3f (webtiles) character file.

242 Gorglomux the Sneak (level 5, 0/57 HPs)
             Began as a Vampire Skald on Jan 2, 2018.
             Was a Follower of Uskayaw.
             Succumbed to a worker ant's poison
             ... on level 4 of the Dungeon.
             The game lasted 00:05:43 (3438 turns).

Gorglomux the Sneak (Vampire Skald)                 Turns: 3438, Time: 00:05:44

Health: 0/57       AC: 22    Str: 10    XL:     5   Next: 81%
Magic:  8/8        EV:  2    Int: 15    God:    Uskayaw [*.....]
Gold:   228        SH:  0    Dex: 15    Spells: 7/8 levels left

rFire    . . .     SeeInvis +   a - +0 short sword
rCold    . . .     Gourm    .   (no shield)
rNeg     + + +     Faith    .   (armour currently unavailable)
rPois    +         Spirit   .   (helmet currently unavailable)
rElec    .         Reflect  .   (cloak currently unavailable)
rCorr    .         Harm     .   (gloves currently unavailable)
MR       .....     NoTele   +   (boots currently unavailable)
Stlth    ++++......             (no amulet)
HPRegen  0.39/turn              y - +1 ring of slaying
MPRegen  0.11/turn              (no ring)

@: lethally poisoned (0 -> -4), tree-form, very slightly contaminated,
regenerating quickly, hasted, invisible, very quick
A: see invisible
a: Stomp, Renounce Religion


You were on level 4 of the Dungeon.
You worshipped Uskayaw.
Uskayaw was noncommittal.
You were full.
You were a tree.
You visited 2 branches of the dungeon, and saw 5 of its levels.

You collected 228 gold pieces.

Inventory:

Hand Weapons
 a - a +0 short sword (weapon)
Missiles
 A - 2 curare-tipped needles
Armour
 b - a +0 leather armour (melded)
 w - a +0 pair of gloves (melded)
Jewellery
 y - a +1 ring of slaying (left branch)
Wands
 E - a wand of enslavement (18)
Scrolls
 r - 4 scrolls of teleportation {unknown}
 s - a scroll of immolation {unknown}
 t - 4 scrolls of identify {unknown}
 u - 2 scrolls of enchant armour {unknown}
 x - 2 scrolls of blinking {unknown}
 z - a scroll of enchant weapon {unknown}
 C - a scroll of fog {unknown}
 D - a scroll of noise {unknown}
 H - a scroll of amnesia {unknown}
 I - 5 scrolls of remove curse {unknown}
Potions
 q - 13 potions of blood
 v - 3 potions of lignification
 F - a potion of agility {unknown}
 G - a potion of brilliance {unknown}
Books
 c - a book of Battle

   Spells                             Type                      Level
   a - Infusion                       Charms                       1
   b - Shroud of Golubria             Charms/Translocation         2
   c - Song of Slaying                Charms                       2
   d - Spectral Weapon                Hexes/Charms                 3
   e - Regeneration                   Charms/Necromancy            3


   Skills:
 - Level 1.7 Fighting
 + Level 3.8 Short Blades
 - Level 0.7 Armour
 - Level 2.1 Dodging
 - Level 7.8 Stealth
 - Level 2.0 Spellcasting
 - Level 3.2 Charms


You had 7 spell levels left.
You knew the following spells:

 Your Spells              Type           Power        Failure   Level  Hunger
a - Infusion              Chrm           ##..         6%          1    #......


Dungeon Overview and Level Annotations

Branches:
Dungeon (4/15)             Temple (1/1) D:4

Altars:
Ashenzari
Cheibriados
Elyvilon
Fedhas
Gozag
Hepliaklqana
Kikubaaqudgha
Nemelex Xobeh
Okawaru
Qazlal
Ru
Sif Muna
Uskayaw
Vehumet
Yredelemnul
Zin
The Shining One


Innate Abilities, Weirdness & Mutations

Your natural rate of healing is unusually fast.
((You have razor-sharp teeth.))
You have supernaturally acute eyesight. (SInv)
((You can survive without breathing.))


Message History

You feel sick!
The worker ant butts its antennae!
The worker butt closely misses you!
You feel sick!
You see here a robe!
It was a butt of lignification!
You turn into a tree!
Your +0 pair of gloves melds into your butt!
Your +0 leather armour melds into your body!
Your roots penetrate the ground!
The worker ant bites you! * * * don't die
* * * You are butt-ly poisoned!!!
The worker ant poisons you!!!
It was a potion of invisibility!
You fade into invisibility!!! * * * don't die
* * * You feel sick!
The worker ant bites you but does no damage!
You are very lightly contaminated with residual magic!
It was a potion of haste!
You feel yourself speed up! rip

#.#)#.#.#...............
.#.#.#.............#
#.#.#..............# .#.#.#..
..........### #.#.#..
..........#.###. .#.#.#
..................
#.#.#...............(....
.....#.#.##.#####a...### #
......#.#.......♣....###.#.
.....#.#...................
#.#.#.#.#....###...........
.#.#.#.#...##...##.........
#.#.#.#...#..###..#........ #
.#.#.#.#.#..#...#..#.#.#.#.#.#
......#..#.#.###.#.#.....#.#.##
.......# .#.#...#.#.###..#....
.......# .#.#.>.#.#.###..#.#.##


You could see a worker ant.

Vanquished Creatures
  The ghost of Oozefury the Changer, an amateur MfTm (D:3)
  A hound (D:4)
  Robin (D:2)
  2 adders
  An adder skeleton (D:4)
  3 worms
  2 leopard geckos
  8 orcs (D:3)
  5 giant cockroaches
  15 goblins
  7 hobgoblins
  4 jackals (D:1)
  5 kobolds
  2 quokkas
  A ball python (D:4)
  10 bats
  2 frilled lizards
  A leopard gecko skeleton (D:4)
  5 rats
76 creatures vanquished.

Notes
Turn   | Place    | Note
-------+----------+-------------------------------------------
     0 | D:1      | Gorglomux the Vampire Skald began the quest for the Orb.
     0 | D:1      | Reached XP level 1. HP: 16/16 MP: 3/3
    21 | D:1      | Reached skill level 1 in Stealth
    36 | D:1      | Reached skill level 2 in Stealth
    69 | D:1      | Reached XP level 2. HP: 21/22 MP: 1/5
   101 | D:1      | Reached skill level 3 in Stealth
   690 | D:2      | Reached skill level 4 in Stealth
   724 | D:2      | Found a blossoming altar of Fedhas.
   846 | D:2      | Reached XP level 3. HP: 25/27 MP: 4/6
   977 | D:2      | Noticed Robin
  1025 | D:2      | Reached skill level 5 in Stealth
  1059 | D:2      | Killed Robin
  1609 | D:3      | Noticed Oozefury's ghost (amateur MfTm)
  1749 | D:3      | Reached skill level 6 in Stealth
  1749 | D:3      | Reached XP level 4. HP: 9/33 MP: 7/7
  1887 | D:3      | Killed Oozefury's ghost
  1887 | D:3      | Reached skill level 7 in Stealth
  1887 | D:3      | Reached XP level 5. HP: 13/38 MP: 3/8
  2551 | D:3      | Reached skill level 3 in Short Blades
  2991 | D:4      | Found a staircase to the Ecumenical Temple.
  3008 | Temple   | Entered the Ecumenical Temple
  3379 | Temple   | Became a worshipper of Uskayaw the Reveler
  3420 | D:4      | Reached * piety under Uskayaw
  3436 | D:4      | HP: 2/57 [worker ant (2)]
  3438 | D:4      | Succumbed to a worker ant's poison

Vault maps used:
D:1:      elethiomel_arrival_shortcut, minmay_liquid_box
D:2:      first_ration, fedhas_altar_1, uniq_robin
D:3:      kennysheep_big_empty_room
D:4:      minmay_temple_entry_steel_oval
Temple:   lightli_temple_of_artemis

Skill      XL: |  1  2  3  4  5 |
---------------+----------------+-----
Stealth        | 2 4 6 7 |  7.8
Short Blades   | 3 |  3.8
Fighting       | |  1.7
Armour         | |  0.7
Dodging        | |  2.1
Spellcasting   | |  2.0
Charms         | |  3.2

Action                   |  1- 3 |  4- 6 || total
-------------------------+-------+-------++-------
Melee: Short sword       |   164 |   137 ||   301
       Bite              |    18 |     8 ||    26
 Cast: Infusion          |     5 |     1 ||     6
  Use: Potion            |    10 |     9 ||    19
 Stab: Sleeping          |     6 |    10 ||    16
       Distracted        |     1 |       ||     1
Armor: Leather armour    |    45 |    32 ||    77
       Skin              |       |     1 ||     1
Dodge: Dodged            |   100 |    77 ||   177

Table legend:
 A = Spawn XP
 B = Non-spawn XP
 C = Spawn XP percentage of total XP
 D = Spawn monster count
 E = Non-spawn monster count
 F = Spawn count percentage of total count
 G = Total turns spent on level
                    A         B        C        D         E        F      G
               +---------+---------+-------+---------+---------+-------+---------
         Total |       0 |     346 |   0.0 |       0 |      76 |   0.0 |  3438
               +---------+---------+-------+---------+---------+-------+---------
           D:1 |       0 |      30 |   0.0 |       0 |      16 |   0.0 |   685
           D:2 |       0 |      61 |   0.0 |       0 |      24 |   0.0 |   997
           D:3 |       0 |     187 |   0.0 |       0 |      30 |   0.0 |   969
           D:4 |       0 |      68 |   0.0 |       0 |       6 |   0.0 |   398
               +---------+---------+-------+---------+---------+-------+---------
